Map: New Repugnancy LE

Players

ZhanShen - Winner!

  • Race: Protoss Protoss
  • Spawn Location: 1:00

TiPtOP

  • Race: Terran Terran
  • League: Silver
  • Spawn Location: 7:00

VOD

Have the link to the VOD?

Description

Time

  • Played on: May 13, 2019, 12:25 a.m.
  • Length: 17:17
Show
View Real Time Build Order
Export as new Build Order

ZhanShen Protoss - Winner!

Build Orders: Carriers, Zealot Archon 

Get SALT Encoding   

  12  0:02  Probe  
  13  0:17  Probe  
  14  0:25  Pylon  
  14  0:29  Probe  
  14  0:32  Assimilator  
  15  0:41  Probe  
  15  0:49  Probe  
  16  0:54  Gateway  
  17  0:57  Probe  
  17  1:03  Assimilator  
  18  1:13  Gateway  
  18  1:14  Probe  
  19  1:26  Probe  
  19  1:31  Pylon  
  20  1:38  Probe  
  21  1:46  Cybernetics Core  
  21  1:55  Zealot  
  23  2:02  Zealot  
  25  2:13  Pylon  
  25  2:19  Probe  
  26  2:23  Warp Gate  
  26  2:31  Probe  
  26  2:33  Twilight Council  
  26  2:36  Stargate  
  27  2:45  Stalker  
  27  2:46  Zealot  
  31  3:03  Charge  
  31  3:26  Zealot x2  
  31  4:19  Zealot x2  
  31  4:32  Gateway  
  31  4:34  Oracle, Gateway  
  34  4:57  Stalker x2  
  38  5:05  Pylon  
  38  5:20  Nexus  
  38  5:23  Pylon  
  38  5:25  Stalker  
  33  5:59  Zealot x2  
  33  6:00  Zealot  
  39  6:09  Probe  
  40  6:16  Zealot  
  42  6:21  Probe  
  42  6:24  Templar Archives  
  43  6:33  Probe  
  43  6:36  Forge  
  43  6:37  Zealot  
  43  6:38  Sentry x3  
  52  6:42  Pylon  
  52  6:45  Probe  
  53  6:57  Probe  
  54  7:07  High Templar x2  
  58  7:11  Probe  
  58  7:14  Probe  
  60  7:22  Archon  
  60  7:23  Probe  
  60  7:26  Probe  
  62  7:35  Probe  
  63  7:38  Probe  
  64  7:47  Probe  
  64  7:50  Probe  
  66  7:59  Probe  
  66  8:01  Robotics Facility  
  66  8:02  Probe  
  68  8:12  Probe  
  69  8:14  Probe  
  69  8:15  Forge  
  70  8:24  Probe  
  70  8:25  Assimilator  
  70  8:26  Probe, Protoss Shields Level 1  
  72  8:29  Assimilator  
  72  8:33  Fleet Beacon  
  72  8:36  Probe  
  72  8:39  Probe, Pylon  
  74  8:42  Pylon  
  74  8:54  Nexus  
  74  9:15  Stalker x2  
  74  9:16  Stalker, Pylon  
  80  9:18  Pylon  
  80  9:22  Photon Cannon  
  80  9:24  Photon Cannon, Carrier  
  86  9:54  Stargate  
  86  10:02  Zealot x3  
  86  10:03  Zealot  
  94  10:27  Robotics Bay  
  94  10:35  Carrier  
  100  10:39  Protoss Shields Level 2  
  100  10:47  Probe x3  
  102  10:55  Carrier, Probe, Protoss Air Weapons Level 1  
  103  10:59  Probe x2  
  103  11:03  Pylon x2  
  106  11:05  Probe, Pylon  
  106  11:07  Colossus  
  106  11:09  High Templar  
  106  11:11  Probe x2  
  117  11:21  Probe  
  124  11:33  Probe  
  124  11:38  Assimilator  
  125  11:42  High Templar  
  125  11:46  Colossus  
  127  11:49  Archon  
  133  12:14  Carrier  
  139  12:18  Extended Thermal Lance  
  139  12:21  Pylon  
  139  12:24  Pylon  
  139  13:03  Protoss Air Armor Level 1  
  91  13:52  Colossus  
  79  13:59  Carrier  
  79  14:01  Carrier  
  73  14:03  Zealot x4  
  98  14:39  Colossus  
  98  14:49  Zealot x4  
  98  14:51  Carrier  
  112  14:58  Carrier  
  124  15:22  Assimilator  
  124  15:27  Zealot x4  
  132  15:32  Nexus  
  132  15:41  Colossus  
  138  15:52  Zealot x4  
  146  16:13  Assimilator  
  152  16:30  Pylon  
  152  16:32  Pylon  
  152  16:34  Pylon  
Show
View Real Time Build Order
Export as new Build Order

TiPtOP Terran 

Build Orders:  

Get SALT Encoding   

  12  0:01  SCV  
  13  0:13  SCV  
  14  0:19  Supply Depot  
  14  0:26  SCV  
  15  0:43  Barracks  
  15  0:47  SCV  
  16  0:59  SCV  
  16  1:02  Refinery  
  17  1:14  SCV  
  18  1:31  Barracks  
  18  1:34  Orbital Command  
  18  1:54  Barracks Reactor  
  18  1:59  SCV  
  19  2:03  Command Center  
  19  2:21  Barracks Tech Lab  
  19  2:22  SCV, Supply Depot  
  19  2:30  Marine x2  
  21  2:38  SCV  
  22  2:48  Barracks  
  22  3:17  SCV  
  23  3:24  SCV  
  24  3:29  SCV, Marine x3  
  27  3:36  SCV, Marine  
  28  3:46  Marine  
  28  3:47  Marine  
  29  3:54  Marine  
  29  3:59  Marine  
  30  4:04  Marine x2  
  31  4:10  Supply Depot  
  31  4:12  Marine  
  31  4:17  Marine  
  30  4:22  Marine x2  
  33  4:30  Marine  
  32  4:34  Marine  
  32  4:35  SCV  
  32  4:36  Supply Depot  
  34  4:40  Marine x2  
  36  4:47  Marine  
  37  4:52  Marine  
  37  4:58  Marine x2  
  38  5:03  Stimpack  
  38  5:05  Marine  
  39  5:10  Marine  
  40  5:15  Marine  
  40  5:16  Marine  
  41  5:23  Marine  
  42  5:35  Marine x3  
  40  5:57  Marine x4  
  41  6:09  Factory  
  41  6:14  Marine x2  
  41  6:15  Marine x2  
  45  6:37  Marine x2  
  45  6:39  Marine  
  49  6:41  Barracks Reactor  
  48  7:08  Factory Reactor  
  48  7:10  Starport  
  48  7:13  SCV  
  49  7:21  Marine x3  
  49  7:22  Marine x2  
  54  7:27  Supply Depot  
  54  7:29  Supply Depot  
  54  7:34  Supply Depot  
  54  7:49  SCV  
  55  7:56  Factory Tech Lab  
  55  8:05  Bunker  
  55  8:06  Medivac x2  
  59  8:12  Combat Shield  
  59  8:23  Refinery  
  59  8:24  SCV  
  60  8:29  Marine x3  
  60  8:30  Marine x2  
  65  8:36  SCV  
  66  8:43  Liberator  
  69  9:20  Engineering Bay  
  69  9:51  SCV  
  70  9:58  Siege Tank  
  73  10:03  SCV  
  74  10:07  Missile Turret  
  74  10:09  Marine x4  
  78  10:20  Supply Depot  
  78  10:22  Supply Depot  
  78  10:31  Missile Turret  
  78  10:41  SCV x2, Marine  
  81  10:43  Supply Depot  
  81  10:53  Missile Turret, SCV  
  81  10:57  Terran Infantry Weapons Level 1  
  82  11:05  SCV  
  83  11:12  SCV  
  83  11:15  Missile Turret  
  84  11:21  Refinery  
  84  11:24  SCV  
  85  11:26  Marine x2  
  85  11:27  Marine x2  
  89  11:45  Viking  
  91  11:52  Missile Turret  
  91  11:56  Bunker  
  91  11:59  Viking  
  93  12:09  SCV  
  93  12:10  SCV  
  95  12:21  SCV  
  95  12:22  SCV  
  97  12:29  Siege Tank  
  100  12:33  Bunker  
  100  12:41  Supply Depot  
  100  12:43  Supply Depot  
  100  12:46  Supply Depot  
  100  12:49  Bunker  
  100  13:27  Refinery  
  58  13:50  Marine x5  
  60  14:15  Viking x2  
  64  14:19  Widow Mine  
  62  14:40  Marine x4  
  62  14:41  Marine  
  62  14:45  Viking x2  
  71  15:10  Siege Tank  
  74  15:26  Bunker  
  74  15:27  Supply Depot x2  
  74  15:28  Supply Depot  
  74  15:31  Bunker  
  74  15:33  Supply Depot  
  74  15:35  SCV x2  
  76  15:37  Marine x3  
  76  15:42  Siege Tank  
  82  16:09  Marine x3  
  82  16:10  Marine x2  
  87  16:14  Siege Tank  
  90  16:27  Marine  
  91  16:38  Command Center  
Tags
 
Add a new tag
Caveats
  • Supply blocks, unpowered buildings, or Contaminate may cause inaccurate times.
  • Supply counts are checked every 10 seconds.